 Dungeon Crawl Stone Soup version 0.28.0 (webtiles) character file.

Game seed: 13877267619407330534

818 belegose the Skirmisher (level 7, -3/63 HPs)
             Began as a Hill Orc Monk on Feb 6, 2022.
             Was a Follower of Qazlal.
             Slain by Duvessa (10 damage)
             ... on level 4 of the Dungeon.
             The game lasted 00:17:39 (5958 turns).

belegose the Skirmisher (Hill Orc Monk)             Turns: 5958, Time: 00:17:39

Health: -3/63      AC: 13    Str: 16    XL:     7   Next: 94%
Magic:  9/9        EV:  7    Int: 10    God:    Qazlal [*.....]
Gold:   162        SH:  2    Dex: 13    Spells: 6/6 levels left

rFire   . . .      SeeInvis .   a - +3 mace
rCold   + . .      Faith    .   (no shield)
rNeg    + . .      Spirit   .   v - +0 chain mail
rPois   .          Reflect  .   p - +0 helmet
rElec   .          Harm     .   s - +0 cloak
rCorr   .          Rampage  .   (no gloves)
Will    .....                   h - +0 pair of boots
Stlth   ..........              (no amulet)
HPRegen 0.20/turn               c - ring of positive energy
MPRegen 0.11/turn               u - ring of protection from cold

@: flying, hasted, very quick
A: no striking features
a: Renounce Religion


You were on level 4 of the Dungeon.
You worshipped Qazlal.
Qazlal was aware of your devotion.
You visited 2 branches of the dungeon, and saw 6 of its levels.

You collected 162 gold pieces.

Inventory:

Hand Weapons
 a - a +3 mace (weapon)
Missiles
 g - 31 stones (quivered)
 j - 52 bolts
 z - 3 poisoned darts
Armour
 h - a +0 pair of boots (worn)
 n - a +0 plate armour
 p - a +0 helmet (worn)
 s - a +0 cloak (worn)
 v - a +0 chain mail (worn)
Jewellery
 c - a ring of positive energy (left hand)
 q - a ring of resist corrosion
 u - a ring of protection from cold (right hand)
 x - a ring of positive energy
Wands
 t - a wand of polymorph (10)
Scrolls
 e - 3 scrolls of fog {unknown}
 m - 2 scrolls of summoning {unknown}
 w - a scroll of vulnerability {unknown}
 y - a scroll of identify {unknown}
Potions
 b - a potion of lignification
 f - a potion of experience {unknown}
 i - a potion of flight
 k - a potion of might {unknown}
 l - a potion of mutation {unknown}
 o - a potion of invisibility


   Skills:
 + Level 6.1 Fighting
 + Level 5.5 Maces & Flails
 + Level 3.3 Throwing
 + Level 4.3 Armour
 - Level 2.4 Dodging
 - Level 1.5 Stealth
 + Level 3.1 Invocations


You had 6 spell levels left.
You didn't know any spells.
Your spell library contained the following spells:

 Spells                   Type           Power      Damage    Failure   Level
 Sandblast                Erth           0%         2d4       99%         1
 Passwall                 Tmut/Erth      0%         N/A       100%        2
 Sublimation of Blood     Necr           0%         N/A       100%        2
 Wereblood                Tmut           0%         N/A       100%        2
 Dazzling Flash           Conj/Hex       0%         N/A       100%        3
 Stone Arrow              Conj/Erth      0%         3d7       100%        3
 Agony                    Necr           0%         N/A       100%        5
 Silence                  Hex/Air        0%         N/A       100%        5
 Summon Hydra             Summ           0%         N/A       100%        7


Dungeon Overview and Level Annotations

Branches:
Dungeon (5/15)             Temple (1/1) D:4

Altars:
Ashenzari
Cheibriados
Dithmenos
Fedhas
Gozag
Hepliaklqana
Kikubaaqudgha
Makhleb
Okawaru
Qazlal
Sif Muna
Trog
Uskayaw
Vehumet
Zin
The Shining One

Annotations:
D:2 1 runed translucent door, exclusion: door, Crazy Yiuf, Terence
D:4 Dowan, Duvessa


Message History

You hit Duvessa but do no damage.
Duvessa is moderately wounded.
Duvessa says, "Where magic fails, the sword succeeds!"
Duvessa hits you but does no damage.
You barely miss Duvessa.
Duvessa is lightly wounded.
You hit Duvessa.
Duvessa is moderately wounded.
Duvessa hits you but does no damage. Duvessa closely misses you.
You sock Duvessa!
Duvessa is heavily wounded.
Duvessa hits you with a +0 short sword.
You closely miss Duvessa.
Duvessa is heavily wounded.
Duvessa hits you but does no damage.
You sock Duvessa!
Duvessa is severely wounded.
Duvessa hits you with a +0 short sword.
* * * LOW HITPOINT WARNING * * *
You hit Duvessa but do no damage.
Duvessa is severely wounded.
Dowan gestures wildly while chanting.
Dowan blinks!
Duvessa hits you but does no damage.
You hit Duvessa.
Duvessa is almost dead.
Duvessa hits you but does no damage.
You hit Duvessa but do no damage.
Duvessa is almost dead.
Duvessa hits you with a +0 short sword.
* * * LOW HITPOINT WARNING * * *
You closely miss Duvessa.
Duvessa is almost dead.
Duvessa hits you with a +0 short sword.
* * * LOW HITPOINT WARNING * * *
You hit Duvessa.
Duvessa is almost dead.
Duvessa hits you with a +0 short sword.
* * * LOW HITPOINT WARNING * * *
Duvessa hits you with a +0 short sword!
You die...

.................#####
....######.#.###..#
.#..# #.#.# ##.#
.##.## #.#.####.##
.....#####.#...##..#
#..................#
#[.....).........###
##....>.......##e##
##............##@>#
..#..........####.##
#.........e...# #..##
###...........####..#
#.............###.#
#..........##.....#
#..........########
############


You could see Duvessa (fast).

Vanquished Creatures
  Grinder (D:3)
  2 ogres (D:4)
  2 phantoms
  A scorpion (D:4)
  A wyvern skeleton (D:4)
  A hound (D:4)
  An orc priest (D:4)
  Ijyb (D:3)
  An orc wizard (D:3)
  An adder (D:3)
  A worm (D:3)
  A dart slug (D:2)
  8 orcs
  9 bats
  10 endoplasms
  3 giant cockroaches (D:3)
  4 goblins
  3 hobgoblins (D:1)
  6 jackals (D:2)
  6 kobolds
  3 quokkas
  3 ball pythons
  6 frilled lizards
  5 rats
80 creatures vanquished.

Notes
Turn   | Place    | Note
-------+----------+-------------------------------------------
     0 | D:1      | belegose the Hill Orc Monk began the quest for the Orb.
     0 | D:1      | Reached XP level 1. HP: 19/19 MP: 1/1
   291 | D:1      | Reached XP level 2. HP: 19/27 MP: 2/2
   425 | D:1      | Reached skill level 1 in Armour
   578 | D:1      | Reached skill level 4 in Fighting
   842 | D:1      | Reached XP level 3. HP: 33/33 MP: 3/3
  1131 | D:2      | Found a runed translucent door.
  1132 | D:2      | Noticed Crazy Yiuf
  1217 | D:2      | Found a faded altar of an unknown god.
  1363 | D:2      | Reached skill level 1 in Throwing
  1876 | D:3      | Noticed Terence
  1940 | D:3      | Reached XP level 4. HP: 25/40 MP: 4/4
  2069 | D:3      | Noticed Ijyb
  2403 | D:3      | Killed Ijyb
  2628 | D:3      | Found an iron altar of Okawaru.
  2766 | D:3      | Noticed a phantom
  2791 | D:3      | Killed a phantom
  2792 | D:3      | Reached XP level 5. HP: 45/47 MP: 5/5
  2890 | D:3      | Noticed Grinder
  3519 | D:4      | Identified the +0 ring mail of Wat Cougg {+Blink rElec rF-
                  | Int+6 Stlth-}
  3635 | D:4      | Reached skill level 5 in Fighting
  3638 | D:4      | Noticed an ogre
  3760 | D:3      | Reached XP level 6. HP: 52/56 MP: 6/6
  3835 | D:4      | Found a staircase to the Ecumenical Temple.
  3844 | Temple   | Entered the Ecumenical Temple
  4078 | Temple   | Became a worshipper of Qazlal Stormbringer
  4078 | Temple   | Reached * piety under Qazlal
  4078 | Temple   | Reached ** piety under Qazlal
  4596 | D:4      | Reached skill level 1 in Invocations
  4754 | D:4      | Reached skill level 5 in Maces & Flails
  4754 | D:4      | Reached XP level 7. HP: 48/61 MP: 6/8
  4866 | D:3      | Paralysed by Grinder for 7 turns
  4887 | D:3      | Paralysed by Grinder for 3 turns
  4910 | D:3      | Paralysed by Grinder for 2 turns
  4915 | D:3      | Killed Grinder
  5522 | D:4      | Reached skill level 6 in Fighting
  5808 | D:5      | Entered Level 5 of the Dungeon
  5808 | D:5      | Noticed a two-headed ogre
  5842 | D:5      | Noticed Duvessa
  5842 | D:5      | Noticed Dowan
  5958 | D:4      | Slain by Duvessa

Illustrated notes

Levels and vault maps discovered:
D:1:      minmay_arrival_semitransparent, layout_loops_ring
D:2:      layout_basic, hellmonk_ecumenical_altar_dog_temple,
          uniq_crazy_yiuf_cottage
D:3:      layout_basic, kennysheep_okawaru_gauntlet, uniq_ijyb, uniq_terence,
          uniq_grinder
D:4:      layout_rooms, minmay_temple_entry_statues_pillars
D:5:      layout_rooms, gammafunk_temple_overflow_statue, serial_shops,
          kennysheep_little_box, uniq_duvessa, uniq_pikel
Temple:   regret_index_temple_generic_petals

Skill      XL: |  1  2  3  4  5  6  7 |
---------------+----------------------+-----
Armour         | 1 2 3 4 |  4.3
Fighting       | 4 5 6 |  6.1
Throwing       | 1 2 3 |  3.3
Maces & Flails | 4 5 |  5.5
Invocations    | 1 3 |  3.1
Dodging        | |  2.4
Stealth        | |  1.5

Action                   |  1- 3 |  4- 6 |  7- 9 || total
-------------------------+-------+-------+-------++-------
Melee: Mace              |   100 |   126 |    63 ||   289
       Unarmed           |       |     6 |       ||     6
       Punch             |       |     4 |     1 ||     5
Throw: Stone             |       |     4 |    10 ||    14
       Dart              |       |     4 |       ||     4
  Use: Potion            |       |     2 |     3 ||     5
Armor: Ring mail         |    36 |    24 |       ||    60
       Skin              |       |     9 |       ||     9
       Chain mail        |       |    17 |    35 ||    52
Dodge: Dodged            |    55 |    56 |    22 ||   133
Block: Other             |       |     2 |     5 ||     7
